 Dungeon Sprint DCSS version 0.20-a0-754-g13ddd6e (webtiles) character file.

30107 Gorglomux the Executioner (level 13, -16/107 (108) HPs)
             Began as a Minotaur Berserker on Feb 26, 2017.
             Was a Priest of Trog.
             Killed from afar by Lom Lobon (79 damage)
             ... with a great icy blast
             ... in the Dungeon (Sprint I: "Red Sonja").
             The game lasted 00:15:03 (3898 turns).

Gorglomux the Executioner (Minotaur Berserker)      Turns: 3898, Time: 00:15:04

HP:   -16/107 (108) AC: 20    Str: 24 (26) XL:     13   Next: 18%
MP:   2/4           EV: 21    Int:  5      God:    Trog [***...]
Gold: 3249          SH:  0    Dex: 19      Spells: 12/12 levels left

rFire    + . .     SeeInvis +   N - +4 executioner's axe (antimagic) {god gift}
rCold    . . .     Gourm    .   V - +0 chain mail of Autotheism {*Drain MR+ Regen+ Dex+6} (curse)
rNeg     . . .     Faith    .   (shield currently unavailable)
rPois    +         Spirit   .   (helmet restricted)
rElec    .         Reflect  .   (no cloak)
rCorr    .         Harm     .   H - +0 pair of gloves
MR       +++..     Rnd*Rage +   Y - +2 pair of boots "Enuhan" {-Tele rPois rF+ SInv} Stlth ..........NoTele +
                                (no amulet)
Regen    1.7/turn               (no ring)
MPRegen  0.1/turn               T - +3 ring of intelligence

@: regenerating
A: retaliatory headbutt, horns 2, agile 1, berserk 1, blurry vision 1, dopey 1,
frail 2, screaming 1
a: Berserk, Trog's Hand, Burn Spellbooks, Renounce Religion


You were in the Dungeon.
You worshipped Trog.
Trog was most pleased with you.
You were full.

You visited 1 branch You collected 4804 gold pieces.
You spent 1555 gold pieces at shops.

Inventory:

Hand Weapons
 a - a +0 hand axe
 G - a +4 antimagic battleaxe {god gift}
 I - a +4 antimagic battleaxe {god gift}
 N - a +4 antimagic executioner's axe (weapon) {god gift}
 S - a +2 antimagic battleaxe {god gift}
Missiles
 M - 3 javelins of penetration (quivered) {god gift}
Armour
 b - a +0 animal skin
 C - a +0 ring mail
 H - a +0 pair of gloves (worn)
 V - the cursed +0 chain mail of Autotheism (worn) {*Drain MR+ Regen+ Dex+6}
   (You bought it in a shop in the Dungeon)

   It affects your dexterity (+6).
   It affects your resistance to hostile enchantments.
   It increases your rate of regeneration.
   It causes draining when unequipped.
   It has a curse placed upon it.
 Y - the +2 pair of boots "Enuhan" (worn) {-Tele rPois rF+ SInv}
   (You bought it in a shop in the Dungeon)

   It protects you from fire.
   It protects you from poison.
   It lets you see invisible.
   It prevents most forms of teleportation.
Jewellery
 T - a +3 ring of intelligence (left hand)
Wands
 A - a wand of acid (9/15)
Scrolls
 B - 4 scrolls of blinking
 J - a scroll of vulnerability
 L - 2 scrolls of fear
 U - 2 scrolls of enchant armour
 W - 2 scrolls of recharging
 X - 2 scrolls of enchant weapon
Potions
 d - 8 potions of curing
 e - 2 potions of heal wounds
 f - a potion of haste
 g - 2 potions of magic
 h - a potion of berserk rage
 K - a potion of flight
 Z - 2 potions of might
Comestibles
 O - 5 meat rations
 P - 2 bread rations
 Q - a fruit


   Skills:
 - Level 18.8 Fighting
 + Level 23.5 Axes
 - Level 18.2 Armour
 - Level 16.9 Dodging


You had 12 spell levels left.
You didn't know any spells.

Dungeon Overview and Level Annotations

Branches:
Dungeon (1/1)

Altars:
Cheibriados
Dithmenos
Elyvilon
Fedhas
Gozag
Hepliaklqana
Kikubaaqudgha
Makhleb
Nemelex Xobeh
Okawaru
Qazlal
Ru
Sif Muna
Trog
Uskayaw
Vehumet
Xom
Yredelemnul
Zin
The Shining One
Jiyva
Lugonu

Shops:
D [?[([((((([([(}**}[[(

Annotations:
D Lom Lobon


Innate Abilities, Weirdness & Mutations

You reflexively headbutt those who attack you in melee.
You have a pair of horns on your head.
You are agile. (Dex +2)
You tend to lose your temper in combat.
Scrolls take you a little longer to read.
You are dopey. (Int -2)
You are very frail. (-20% HP)
You occasionally shout uncontrollably at your foes.


Message History

Lom Lobon gestures.
A great vortex of raging winds appears around Lom Lobon!
Your iron troll bites Lom Lobon!
Your iron troll closely misses Lom Lobon.
Your iron troll barely misses Lom Lobon.
Your ogre closely misses Lom Lobon.
Unknown command.
Your ogre goes berserk!
You feel quite a bit less full.
You can no longer call in reinforcements.
Your ogre dies!
Your ogre's corpse disappears in a puff of smoke!
Lom Lobon gestures at you.
Lom Lobon conjures a mighty blast of ice!
The great icy blast engulfs your ogre.
Your ogre dies!
Your ogre's corpse disappears in a puff of smoke!
The great icy blast engulfs you!
Ouch! That really hurt!
You die...

#################################
.'..#__#..§§§.#..#*&§§§§§§.§§'..#
.#..'..'..#§§T##§#§####§§§§§##..'
###'#__####§&§§§§#§#.###§§§######
..#.####§§#####§@§§#'#.###§#)[[##
.##.#≈§≈§§#..##)####^..#y#)##$$$#
'#..§)§§..§..#.^^..#...###.§###$#
..._#§§§..#..#^.§.§+.....##§#A#.#
_.#'##'#####'###§§^#^....#..###.#
#'#.#....###.'.#.^^###''##)##...#
#)####'###.###.#§.###..###..#'###
...'.....'.∩##.#§.####..###...#.≈
...###########§##'#..#..#.###.#.≈


You could see Lom Lobon and a friendly iron troll (berserk).

Vanquished Creatures
  A golden dragon (D)
  A shadow dragon (D)
  4 fire giants (D)
  A lorocyproca (D)
  A deep elf annihilator (D)
  A mummy priest (D)
  A hydra (D)
  2 centaur warriors (D)
  Sonja (D)
  A deep troll (D)
  7 unseen horrors (D)
  A lindwurm (D)
  2 oklob plants (D)
  8 shining eyes (D)
  2 merfolk sirens (D)
  A gargoyle (D)
  2 kobold demonologists (D)
  A hellwing (D)
  4 demonic crawlers (D)
  4 hornets (D)
  A slime creature (D)
  Sigmund (D)
  2 redbacks (D)
  A yak (D)
  13 hogs (D)
  6 floating eyes (D)
  7 necrophages (D)
  An ogre (D)
  8 jellies (D)
  Ijyb (D)
  4 ballistomycetes (D)
91 creatures vanquished.

Vanquished Creatures (collateral kills)
  A floating eye (D)
1 creature vanquished.

Vanquished Creatures (others)
  A gargoyle (D)
  A hornet (D)
  19 ball lightnings (D)
  2 ballistomycete spores (D)
23 creatures vanquished.

Grand Total: 115 creatures vanquished

Notes
Turn   | Place    | Note
-------+----------+-------------------------------------------
     0 | D        | Gorglomux the Minotaur Berserker began the quest for the Orb.
     0 | D        | Reached XP level 1. HP: 19/19 MP: 0/0
     1 | D        | Noticed Ijyb
     9 | D        | Killed Ijyb
     9 | D        | Reached skill level 7 in Axes
     9 | D        | Reached XP level 2. HP: 26/26 MP: 1/1
    47 | D        | Noticed an ogre
    50 | D        | Killed an ogre
    50 | D        | Reached skill level 11 in Axes
    50 | D        | Reached XP level 3. HP: 31/31 MP: 2/2
    50 | D        | Reached XP level 4. HP: 39/39 MP: 3/3
    76 | D        | Noticed Sigmund
    86 | D        | Killed Sigmund
    86 | D        | Reached ** piety under Trog
    86 | D        | Reached skill level 14 in Axes
    86 | D        | Reached XP level 5. HP: 45/45 MP: 4/4
    86 | D        | Reached XP level 6. HP: 51/51 MP: 5/5
   180 | D        | Found a burning altar of Makhleb.
   180 | D        | Found a viscous altar of Jiyva.
   180 | D        | Found a shimmering altar of Xom.
   180 | D        | Found a corrupted altar of Lugonu.
   180 | D        | Noticed a slime creature
   187 | D        | Killed a slime creature
   187 | D        | Reached skill level 16 in Axes
   311 | D        | Found a deep blue altar of Sif Muna.
   313 | D        | Found a radiant altar of Vehumet.
   370 | D        | Found Qail's Armour Emporium.
   370 | D        | Found an ancient bone altar of Kikubaaqudgha.
   370 | D        | Found a hazy altar of Hepliaklqana.
   370 | D        | Found a stormy altar of Qazlal.
   370 | D        | Found a hide-covered altar of Uskayaw.
   370 | D        | Found a blossoming altar of Fedhas.
   370 | D        | Found a bloodstained altar of Trog.
   370 | D        | Found an iron altar of Okawaru.
   370 | D        | Found a basalt altar of Yredelemnul.
   370 | D        | Found a glowing golden altar of the Shining One.
   370 | D        | Found a snail-covered altar of Cheibriados.
   370 | D        | Found a sacrificial altar of Ru.
   370 | D        | Found a glowing silver altar of Zin.
   370 | D        | Found a shadowy altar of Dithmenos.
   370 | D        | Found a white marble altar of Elyvilon.
   370 | D        | Noticed a yak
   381 | D        | Killed a yak
   381 | D        | Reached *** piety under Trog
   381 | D        | Reached XP level 7. HP: 68/68 MP: 6/6
   382 | D        | Found an opulent altar of Gozag.
   383 | D        | Found a sparkling altar of Nemelex Xobeh.
   423 | D        | Bought a +0 ring mail for 48 gold pieces
   440 | D        | Noticed Sonja
   450 | D        | Killed Sonja
   450 | D        | Reached XP level 8. HP: 39/86 MP: 7/7
   614 | D        | Noticed a centaur warrior
   614 | D        | Noticed a centaur warrior
   631 | D        | Killed a centaur warrior
   631 | D        | Reached skill level 15 in Fighting
   637 | D        | Killed a centaur warrior
   637 | D        | Reached **** piety under Trog
   637 | D        | Reached XP level 9. HP: 104/104 MP: 8/8
   858 | D        | Noticed a deep troll
   867 | D        | Killed a deep troll
   867 | D        | Reached skill level 18 in Fighting
   954 | D        | Killed a gargoyle
   993 | D        | Found Pop Baip's Armour Emporium.
  1014 | D        | Found Nehe's Food Boutique.
  1044 | D        | Received a gift from Trog
  1044 | D        | Reached skill level 3 in Armour
  1044 | D        | Reached skill level 3 in Dodging
  1084 | D        | Noticed an oklob plant
  1091 | D        | Killed an oklob plant
  1139 | D        | Reached skill level 6 in Armour
  1145 | D        | Reached skill level 6 in Dodging
  1323 | D        | Reached ***** piety under Trog
  1323 | D        | Reached XP level 10. HP: 114/114 MP: 9/9
  1415 | D        | Bought a royal jelly for 22 gold pieces
  1415 | D        | Bought a meat ration for 55 gold pieces
  1415 | D        | Bought a meat ration for 55 gold pieces
  1415 | D        | Bought a royal jelly for 22 gold pieces
  1415 | D        | Bought a bread ration for 55 gold pieces
  1415 | D        | Bought a meat ration for 55 gold pieces
  1415 | D        | Bought a bread ration for 55 gold pieces
  1415 | D        | Bought a meat ration for 55 gold pieces
  1415 | D        | Bought 3 fruits for 49 gold pieces
  1415 | D        | Bought a royal jelly for 22 gold pieces
  1415 | D        | Bought a bread ration for 55 gold pieces
  1415 | D        | Bought a bread ration for 55 gold pieces
  1415 | D        | Bought a meat ration for 55 gold pieces
  1507 | D        | Received a gift from Trog
  1512 | D        | Reached skill level 9 in Armour
  1572 | D        | Reached ****** piety under Trog
  1572 | D        | Reached skill level 9 in Dodging
  1577 | D        | Received a gift from Trog
  1665 | D        | Killed an unseen horror
  1665 | D        | Received a gift from Trog
  1665 | D        | Reached skill level 12 in Armour
  1665 | D        | Killed an unseen horror
  1795 | D        | Noticed a shining eye
  1795 | D        | Noticed a shining eye
  1795 | D        | Noticed a shining eye
  1795 | D        | Noticed a shining eye
  1795 | D        | Noticed a shining eye
  1795 | D        | Noticed a shining eye
  1795 | D        | Gained mutation: You are frail. (-10% HP) [a shining eye]
  1796 | D        | Paralysed by a floating eye for 2 turns
  1796 | D        | Gained mutation: You are very frail. (-20% HP) [a shining eye]
  1799 | D        | Received a gift from Trog
  1799 | D        | Gained mutation: You are dopey. (Int -2) [a shining eye]
  1799 | D        | Gained mutation: Scrolls take you a little longer to read. [a shining eye]
  1801 | D        | Killed a shining eye
  1801 | D        | Reached skill level 12 in Dodging
  1801 | D        | Reached XP level 11. HP: 95/95 MP: 3/10
  1801 | D        | Gained mutation: You are extremely frail. (-30% HP) [a shining eye]
  1803 | D        | Killed a shining eye
  1806 | D        | Killed a shining eye
  1806 | D        | Received a gift from Trog
  1806 | D        | Gained mutation: Scrolls take you longer to read. [a shining eye]
  1807 | D        | Killed a shining eye
  1810 | D        | Killed a shining eye
  1811 | D        | Killed a shining eye
  1814 | D        | Noticed a shining eye
  1814 | D        | Noticed a shining eye
  1815 | D        | Gained mutation: You tend to lose your temper in combat. [a shining eye]
  1821 | D        | Killed a shining eye
  1821 | D        | Reached skill level 15 in Armour
  1821 | D        | Gained mutation: You are weak. (Str -2) [a shining eye]
  1822 | D        | Gained mutation: You occasionally shout uncontrollably at your foes. [a shining eye]
  1823 | D        | Gained mutation: You are very dopey. (Int -4) [a shining eye]
  1826 | D        | Gained mutation: You often lose your temper in combat. [a shining eye]
  1828 | D        | Killed a shining eye
  1831 | D        | Lost mutation: You are weak. (Str -2) [potion of mutation]
  1831 | D        | Lost mutation: Scrolls take you longer to read. [potion of mutation]
  1831 | D        | Lost mutation: You are extremely frail. (-30% HP) [potion of mutation]
  1831 | D        | Lost mutation: You are very dopey. (Int -4) [potion of mutation]
  1831 | D        | Lost mutation: You often lose your temper in combat. [potion of mutation]
  1831 | D        | Gained mutation: You are agile. (Dex +2) [potion of mutation]
  1874 | D        | Found Nixorgh's Weapon Shop.
  1874 | D        | Found Otont's Armour Shoppe.
  1874 | D        | Found Utir Buf's Antique Armour Boutique.
  1874 | D        | Found Eggude's Magic Scroll Emporium.
  1881 | D        | Bought a heavily runed chain mail for 256 gold pieces
  1891 | D        | Identified the cursed +0 chain mail of Autotheism {*Drain MR+ Regen+ Dex+6} (You bought it in a shop in the Dungeon)
  1898 | D        | Bought a scroll of identify for 20 gold pieces
  1898 | D        | Bought a scroll of identify for 20 gold pieces
  1898 | D        | Bought a scroll of recharging for 95 gold pieces
  1898 | D        | Bought a scroll of enchant weapon for 75 gold pieces
  1898 | D        | Bought a scroll of blinking for 75 gold pieces
  1957 | D        | Found Gesachel's Antique Weapon Shoppe.
  1957 | D        | Found Hiolesud's Weapon Shop.
  1957 | D        | Found Teemagi's Antique Weapon Boutique.
  1959 | D        | Found Zevac's Weapon Emporium.
  1959 | D        | Found Pitz's Weapon Shop.
  1959 | D        | Found Kiusem's Antique Armour Shoppe.
  1959 | D        | Found Peopruq's Weapon Boutique.
  1959 | D        | Found Tizucs's Antique Armour Emporium.
  1959 | D        | Found Deocielug's Antique Weapon Shop.
  1959 | D        | Found Sazeq's Gadget Shoppe.
  1962 | D        | Found Zaogahae's General Store.
  1963 | D        | Found Ufa Popp's Gadget Emporium.
  1963 | D        | Found Ecacycos's General Store.
  1964 | D        | Found Pyenoq's Antique Armour Emporium.
  1965 | D        | Bought a pair of ichor-stained boots for 266 gold pieces
  1970 | D        | Identified the +2 pair of boots "Enuhan" {-Tele rPois rF+ SInv} (You bought it in a shop in the Dungeon)
  1975 | D        | Bought a potion of might for 40 gold pieces
  1975 | D        | Bought a potion of heal wounds for 50 gold pieces
  2027 | D        | Received a gift from Trog
  2047 | D        | Noticed a lindwurm
  2053 | D        | Killed a lindwurm
  2088 | D        | Noticed a lorocyproca
  2095 | D        | Killed a lorocyproca
  2095 | D        | Reached skill level 15 in Dodging
  2139 | D        | Received a gift from Trog
  2161 | D        | Received a gift from Trog
  2176 | D        | Noticed a daeva
  2182 | D        | Noticed a 12-headed hydra
  2190 | D        | Paralysed by a floating eye for 3 turns
  2196 | D        | Killed a 14-headed hydra
  2387 | D        | Noticed a deep elf annihilator
  2392 | D        | Killed a deep elf annihilator
  2392 | D        | Reached XP level 12. HP: 102/102 MP: 3/11
  2406 | D        | Received a gift from Trog
  2406 | D        | Reached skill level 18 in Armour
  2774 | D        | Reached skill level 17 in Axes
  2774 | D        | Received a gift from Trog
  2800 | D        | Reached skill level 18 in Axes
  2924 | D        | Noticed a fire giant
  2926 | D        | Noticed a fire giant
  2926 | D        | Noticed a fire giant
  2961 | D        | Killed a fire giant
  2961 | D        | Reached skill level 19 in Axes
  3030 | D        | Killed a fire giant
  3030 | D        | Received a gift from Trog
  3089 | D        | Killed a fire giant
  3089 | D        | Reached skill level 20 in Axes
  3169 | D        | Noticed a shadow dragon
  3170 | D        | Noticed a golden dragon
  3264 | D        | Killed a shadow dragon
  3264 | D        | Reached skill level 21 in Axes
  3369 | D        | Noticed a fire giant
  3377 | D        | Killed a fire giant
  3494 | D        | Noticed a mummy priest
  3546 | D        | Killed a golden dragon
  3546 | D        | Reached skill level 23 in Axes
  3546 | D        | Reached XP level 13. HP: 90/107 MP: 4/12
  3628 | D        | Found Wumo's Antique Weapon Shoppe.
  3806 | D        | Killed a mummy priest
  3825 | D        | Noticed Lom Lobon
  3898 | D        | Killed from afar by Lom Lobon

Vault maps used:
D:        dungeon_sprint_1

Skill      XL: |  1  2  3  4  5  6  7  8  9 10 11 12 |
---------------+-------------------------------------+-----
Axes           | 7 11 14 16 23 | 23.5
Fighting       | 8 13 17 18 | 18.8
Armour         | 7 13 17 18 | 18.2
Dodging        | 6 12 16 | 16.9

Action                   |  1- 3 |  4- 6 |  7- 9 | 10-12 | 13-15 || total
-------------------------+-------+-------+-------+-------+-------++-------
Melee: Hand axe          |     8 |    24 |    44 |    25 |       ||   101
       Headbutt          |     1 |     5 |     8 |    57 |     1 ||    72
       Battleaxe         |       |       |       |   104 |       ||   104
       Executioner's axe |       |       |       |    39 |     4 ||    43
Throw: Javelin           |       |       |       |     2 |       ||     2
Invok: Berserk           |     2 |     5 |     8 |    10 |       ||    25
       Trog's Hand       |       |       |     2 |     7 |     5 ||    14
       Brothers in Arms  |       |       |       |     1 |     6 ||     7
  Use: Potion            |       |       |     1 |     2 |     1 ||     4
       Scroll            |       |       |       |     3 |     1 ||     4
  Eat: Chunk             |       |     3 |     6 |     4 |       ||    13
       Bread ration      |       |       |     1 |     1 |     2 ||     4
       Royal jelly       |       |       |     1 |     3 |       ||     4
       Fruit             |       |       |       |     2 |       ||     2
       Meat ration       |       |       |       |     1 |       ||     1
Armor: Animal skin       |     1 |     1 |       |       |       ||     2
       Ring mail         |       |       |     5 |    16 |       ||    21
       Chain mail        |       |       |       |    57 |     2 ||    59
Dodge: Dodged            |     3 |     4 |     6 |   114 |     5 ||   132
